 Dungeon Sprint DCSS version 0.19.4-10-g532645f (console) character file.

990 itsmu the Grappler (level 10, -10/94 (95) HPs)
             Began as a Ghoul Fighter on Feb 25, 2017.
             Was a High Priest of Makhleb.
             Killed from afar by Harold (18 damage)
             ... with a bolt of fire
             ... in the Dungeon (Sprint VI: "Thunderdome").
             The game lasted 00:08:22 (992 turns).

itsmu the Grappler (Ghoul Fighter)                   Turns: 992, Time: 00:08:23

HP:   -10/94 (95)   AC: 14    Str: 26    XL:     10   Next: 63%
MP:   0/16          EV:  6    Int:  8    God:    Makhleb [*****.]
Gold: 784           SH: 12    Dex: 11    Spells: 0 memorised, 9 levels left

rFire  . . .     SeeInvis .       - Unarmed
rCold  + . .     Gourm    .     f - +0 plate armour
rNeg   + + +     Faith    .     b - +0 shield
rPois  ∞         Spirit   +     (no helmet)
rElec  +         Reflect  .     (no cloak)
rCorr  .         Harm     .     (no gloves)
MR     .....     NoTele   +     (no boots)
Stlth  ..........               a - amulet "Verrez" {Spirit *Contam +Blink Slay+4}
                                (no ring)
                                i - ring of Uludeuliko {rElec Str+5 Int+5 Stlth-}

@: very slightly contaminated, rotting, hasted, very quick
A: rotting body, claws 1, carnivore 3, cold resistance 1, negative energy
resistance 3, slow regeneration 1, torment resistance, unbreathing
a: Minor Destruction, Lesser Servant of Makhleb, Major Destruction, Greater
Servant of Makhleb, Renounce Religion, Evoke Blink
}: 1/15 runes: serpentine


You were in the Dungeon.
You worshipped Makhleb.
Makhleb was extremely pleased with you.
You were not hungry.

You visited 1 branch You collected 1150 gold pieces.
You spent 366 gold pieces at shops.

Inventory:

Armour
 b - a +0 shield (worn)
 f - a +0 plate armour (worn)
   (You bought it in a shop in the Dungeon)
Jewellery
 a - the amulet "Verrez" (around neck) {Spirit *Contam +Blink Slay+4}
   (You bought it in a shop in the Dungeon)

   [amulet of guardian spirit]

   It causes incoming damage to be split between your health and magic.
   It affects your accuracy and damage with ranged weapons and melee attacks
   (+4).
   It lets you blink.
   It causes magical contamination when unequipped.
 i - the ring of Uludeuliko (left claw) {rElec Str+5 Int+5 Stlth-}
   (You bought it in a shop in the Dungeon)

   [ring of strength]

   It affects your strength (+5).
   It affects your intelligence (+5).
   It insulates you from electricity.
   It makes you less stealthy.
 p - an uncursed ring of fire
   (You found it in the Dungeon)
Wands
 l - a wand of acid (5/15)
   (You found it in the Dungeon)
 m - a wand of iceblast (5/15)
   (You found it in the Dungeon)
Scrolls
 j - 3 scrolls of blinking
 n - 3 scrolls of fog
Potions
 c - a potion of mutation {unknown}
 h - 2 potions of magic
 k - a potion of resistance
Comestibles
 d - a meat ration


   Skills:
 + Level 11.1 Fighting
 + Level 9.4 Armour
 + Level 9.4 Shields
 * Level 14.6 Unarmed Combat
 + Level 10.5 Invocations


You had 9 spell levels left.
You didn't know any spells.

Dungeon Overview and Level Annotations

Branches:
Dungeon (1/1)

Altars:
Cheibriados
Dithmenos
Fedhas
Gozag
Kikubaaqudgha
Makhleb
Okawaru
Qazlal
Ru
Sif Muna
Trog
Uskayaw
Vehumet
Xom
Yredelemnul
Zin
The Shining One
Beogh
Jiyva
Lugonu

Shops:
D *[%??*?*:[((!!!!

Annotations:
D Harold, Rupert


Innate Abilities, Weirdness & Mutations

Your body is rotting away.
You thrive on raw meat.
You are immune to poison.
You have sharp fingernails.
You are carnivorous and can eat meat at any time.
Your flesh is cold resistant. (rC+)
You are immune to negative energy. (rN+++)
You regenerate slowly when monsters are visible.
You are immune to unholy pain and torment.
You can survive without breathing.


Message History

You closely miss the orc. The orc hits you but does no damage.
Your shield and plate armour prevent you from hitting the orc.
You block the orc's attack.
You feel yourself speed up. You block the orc's attack.
You block Rupert's attack.
Harold throws a throwing net.
The throwing net barely misses you. The orc hits you but does no damage.
You scratch the orc.
The orc is heavily wounded.
A bullfrog comes into view.
You feel your flesh rotting away. The orc hits you but does no damage.
Harold hits your cacodemon but does no damage.
Your cacodemon hits Harold.
Your cacodemon barely misses Harold.
You block the orc's attack.
Rupert roars madly and goes into a rage!
Rupert goes berserk!
Harold casts a spell at you. The bolt of fire hits you!
You die...

#∩.......(8(# #.8.@2.....∩###
........(..(###...)......@..##
.......(.###..)###)(........⌠#
.........# #.<.##...........⌠#
.....).).###...#.#..........⌠#
............###.............##
#∩........8.##..8.)......∩###
##∩.__......#.#.F....___∩##
######.8.......M@8.######
#⌠........2..⌠#
###......o..### #_.....@._#
#_......._# #........_#
#∩....(!.∩# ##∩.....∩##
##.....##


You could see Rupert (berserk), Harold, a bullfrog, an orc and a friendly
cacodemon.

Vanquished Creatures
  Josephine (D)
  A queen ant (D)
  2 silent spectres (D)
  A shadow (D)
  A soldier ant (D)
  A phantom (D)
  4 big kobolds (D)
  A scorpion (D)
  A killer bee (D)
  2 worker ants (D)
  5 giant cockroaches (D)
  8 kobolds (D)
28 creatures vanquished.

Vanquished Creatures (collateral kills)
  A skeletal warrior (D)
  Aizul (D)
  A guardian serpent (D)
  A necrophage (D)
  A wight (D)
5 creatures vanquished.

Grand Total: 33 creatures vanquished

Notes
Turn   | Place    | Note
-------+----------+-------------------------------------------
     0 | D        | itsmu the Ghoul Fighter began the quest for the Orb.
     0 | D        | Reached XP level 1. HP: 19/19 MP: 0/0
     0 | D        | Found a hide-covered altar of Uskayaw.
     0 | D        | Found a viscous altar of Jiyva.
     1 | D        | Found a burning altar of Makhleb.
     1 | D        | Found a shadowy altar of Dithmenos.
     2 | D        | Found a blossoming altar of Fedhas.
     3 | D        | Found Tistrasche's Identification Station.
     3 | D        | Found a sacrificial altar of Ru.
     3 | D        | Found a bloodstained altar of Trog.
     3 | D        | Found Ziul Emes's Bee Food.
     4 | D        | Found Zekaehad's Advanced Armour.
     4 | D        | Found Vaosch's Premium Goods.
     4 | D        | Found Poqoe's Jewellery.
     5 | D        | Round 1.
     9 | D        | Became a worshipper of Makhleb the Destroyer
    20 | D        | Found a deep blue altar of Sif Muna.
    21 | D        | Found a glowing golden altar of the Shining One.
    21 | D        | Found a corrupted altar of Lugonu.
    22 | D        | Found a glowing silver altar of Zin.
    23 | D        | Found a basalt altar of Yredelemnul.
    23 | D        | Found a snail-covered altar of Cheibriados.
    23 | D        | Found Utwamak's Staff Store.
    23 | D        | Found Deymut's Magic Scroll Shop.
    23 | D        | Noticed a worker ant
    24 | D        | Found Tiggu's Must-Have Magic.
    24 | D        | Found Vasivud's Magic Scroll Shop.
    31 | D        | Noticed a killer bee
    39 | D        | Killed a worker ant
    39 | D        | Reached skill level 4 in Unarmed Combat
    39 | D        | Reached XP level 2. HP: 15/27 MP: 0/2
    59 | D        | Killed a killer bee
    59 | D        | Reached skill level 5 in Unarmed Combat
    59 | D        | Reached XP level 3. HP: 25/34 MP: 1/4
    59 | D        | Reached XP level 4. HP: 30/41 MP: 1/5
    61 | D        | Found a radiant altar of Vehumet.
    62 | D        | Found Pucvyfes's Distillery.
    63 | D        | Found Uklul's Distillery.
    63 | D        | Found Siopuxto's Bottled Wisdom.
    63 | D        | Found an opulent altar of Gozag.
    63 | D        | Found an iron altar of Okawaru.
    63 | D        | Found a roughly hewn altar of Beogh.
    63 | D        | Found Tananim's Do-It-Yourself Clinic.
    67 | D        | Found an ancient bone altar of Kikubaaqudgha.
    68 | D        | Found a shimmering altar of Xom.
    69 | D        | Found a stormy altar of Qazlal.
    98 | D        | Reached * piety under Makhleb
   103 | D        | Noticed a soldier ant
   126 | D        | Killed a soldier ant
   126 | D        | Reached skill level 5 in Fighting
   126 | D        | Reached skill level 5 in Armour
   126 | D        | Reached skill level 5 in Shields
   126 | D        | Reached skill level 7 in Unarmed Combat
   126 | D        | Reached XP level 5. HP: 50/50 MP: 5/7
   126 | D        | Noticed a queen ant
   144 | D        | Killed a queen ant
   144 | D        | Arena points: 12 (+12) [x2]
   144 | D        | Reached skill level 10 in Unarmed Combat
   144 | D        | Reached XP level 6. HP: 35/61 MP: 6/10
   144 | D        | Reached XP level 7. HP: 40/68 MP: 6/11
   161 | D        | Found Juenano's Weapon Rack.
   162 | D        | Found Xeaceph's Basic Armour.
   162 | D        | Found Omoc's Miscellaneous Merchandise.
   218 | D        | Round 2.
   227 | D        | Reached ** piety under Makhleb
   291 | D        | Reached XP level 8. HP: 66/75 MP: 12/12
   331 | D        | Reached *** piety under Makhleb
   335 | D        | Arena points: 54 (+42) [x3]
   371 | D        | Bought a +0 plate armour for 276 gold pieces
   393 | D        | Round 3.
   412 | D        | Reached skill level 11 in Unarmed Combat
   454 | D        | Reached **** piety under Makhleb
   457 | D        | Arena points: 138 (+84) [x4]
   492 | D        | Bought a coiled brass amulet for 45 gold pieces
   492 | D        | Bought a bound iron ring for 45 gold pieces
   492 | D        | Identified the amulet "Verrez" {Spirit *Contam +Blink Slay+4} (You bought it in a shop in the Dungeon)
   493 | D        | Identified the ring of Uludeuliko {rElec Str+5 Int+5 Stlth-} (You bought it in a shop in the Dungeon)
   522 | D        | Round 4.
   550 | D        | Reached ***** piety under Makhleb
   575 | D        | Arena points: 278 (+140) [x5]
   609 | D        | Round 5.
   624 | D        | Noticed Aizul
   625 | D        | Noticed a guardian serpent
   634 | D        | Noticed a shock serpent
   641 | D        | Killed a guardian serpent
   656 | D        | Killed Aizul
   656 | D        | Arena points: 558 (+280) [x7]
   656 | D        | Reached skill level 12 in Unarmed Combat
   656 | D        | Reached XP level 9. HP: 9/84 MP: 2/14
   657 | D        | Got a serpentine rune of Zot
   711 | D        | Reached skill level 10 in Fighting
   711 | D        | Reached skill level 13 in Unarmed Combat
   711 | D        | Reached XP level 10. HP: 21/93 MP: 8/15
   876 | D        | Round 6.
   892 | D        | Noticed Josephine
   894 | D        | Noticed a skeletal warrior
   906 | D        | Killed Josephine
   906 | D        | Reached skill level 14 in Unarmed Combat
   906 | D        | Reached skill level 10 in Invocations
   942 | D        | Killed a skeletal warrior
   947 | D        | Arena points: 990 (+432) [x8]
   972 | D        | Round 7.
   972 | D        | Noticed Rupert
   976 | D        | Noticed Harold
   992 | D        | Killed from afar by Harold

Skill      XL: |  1  2  3  4  5  6  7  8  9 10 |
---------------+-------------------------------+-----
Fighting       | 4 5 8 9 10 11 | 11.1
Armour         | 3 5 6 7 8 9 |  9.4
Shields        | 3 5 6 7 8 9 |  9.4
Unarmed Combat | 4 5 7 10 12 13 14 | 14.6
Invocations    | 2 4 7 8 9 10 | 10.5

Action                   |  1- 3 |  4- 6 |  7- 9 | 10-12 || total
-------------------------+-------+-------+-------+-------++-------
Melee: Unarmed           |    31 |    39 |    62 |    45 ||   177
Invok: Minor Destruction |       |       |     8 |       ||     8
       Lesser Servant of |       |       |     5 |     2 ||     7
       Greater Servant o |       |       |       |     1 ||     1
  Use: Potion            |     3 |     4 |     2 |     2 ||    11
       Scroll            |       |       |       |     1 ||     1
  Eat: Chunk             |       |       |     2 |    10 ||    12
Armor: Scale mail        |     9 |     3 |     1 |       ||    13
       Plate armour      |       |       |    22 |    18 ||    40
Dodge: Dodged            |    10 |     6 |    12 |    11 ||    39
Block: Shield            |    20 |    15 |    36 |    21 ||    92
